 Dungeon Crawl Stone Soup version 0.13.1-27-ga479965 (webtiles) character file.

133 Chiseanne the Grasshopper (level 3, -2/26 HPs)
             Began as a Demonspawn Warper on Jan 26, 2014.
             Slain by a giant gecko (5 damage)
             ... on Level 2 of the Dungeon.
             The game lasted 00:04:54 (1633 turns).

Chiseanne the Grasshopper (Demonspawn Warper)       Turns: 1633, Time: 00:04:55

HP  -2/26        AC  4     Str 11      XL: 3   Next: 12%
MP   4/4         EV  8     Int 15      God:
Gold 100         SH 13     Dex 12      Spells:  3 memorised,  1 level left

Res.Fire  : . . .   See Invis. : .   a - +0 hand axe {=f}
Res.Cold  : . . .   Warding    : .   b - +0 leather armour
Life Prot.: . . .   Conserve   : .   m - +0 shield (curse)
Res.Poison: .       Res.Corr.  : .   (no helmet)
Res.Elec. : .       Clarity    : .   (no cloak)
Sust.Abil.: . .     Spirit.Shd : .   h - +0 pair of gloves
Res.Mut.  : .       Stasis     : +   (no boots)
Res.Rott. : .       Flight     : .   l - amulet of stasis {unknown}
Saprovore : . . .                    (no ring)
                                     (no ring)

@: invisible, very slightly contaminated, not resistant to hostile enchantments,
very unstealthy
A: claws 1, demonic guardian 1
a: no special abilities


You were on level 2 of the Dungeon.
You were not hungry.

You visited 1 branch of the dungeon, and saw 2 of its levels.

You collected 50 gold pieces.

Inventory:

Hand weapons
 a - a +0,+0 hand axe (weapon) {=f}
Missiles
 e - 36 darts (quivered)
 f - 10 darts of dispersal
Armour
 b - a +0 leather armour (worn)
 h - a +0 pair of gloves (worn)
 m - a cursed +0 shield (worn)
Comestibles
 g - 2 bread rations
 k - a choko
Scrolls
 d - a scroll of blinking
 j - a scroll of remove curse
Jewellery
 l - an amulet of stasis (around neck) {unknown}
Books
 c - a book of Spatial Translocations

   Spells                             Type                      Level
   *Apportation                       Translocation                1
   *Portal Projectile                 Translocation                2
   *Blink                             Translocation                2
   Shroud of Golubria                 Charms/Translocation         2
   Teleport Other                     Translocation                3
   Passage of Golubria                Translocation                4


   Skills:
 * Level 2.0 Fighting
 * Level 1.9 Axes
 - Level 0.8 Throwing
 - Level 0.8 Armour
 * Level 2.4 Dodging
 * Level 2.3 Spellcasting
 * Level 3.1 Translocations


You had one spell level left.
You knew the following spells:

 Your Spells              Type           Power        Failure   Level  Hunger
a - Apportation           Tloc           ##........   65%         1    #......
b - Blink                 Tloc           N/A          86%         2    ##.....
c - Portal Projectile     Tloc           ##....       86%         2    ##.....


Dungeon Overview and Level Annotations

Branches:
Dungeon (2/27)

Altars:


Innate Abilities, Weirdness & Mutations

You have sharp fingernails.
A weak demonic guardian rushes to your aid.


Message History

You hit the jackal.
The jackal is severely wounded.
The jackal bites you but does no damage.
You hit the jackal.
You kill the jackal!
The giant gecko closely misses you.
You completely miss the giant gecko. The giant gecko bites you.
You miss the giant gecko. The giant gecko bites you. The giant gecko bites you.
* * * LOW HITPOINT WARNING * * *
You closely miss the giant gecko. The giant gecko barely misses you.
You block the giant gecko's attack.
You miss the giant gecko. You block the giant gecko's attack.
Drink which item? (? for menu, Esc to quit)
You fade into invisibility!
It was a potion of invisibility.
The giant gecko closely misses you. The giant gecko bites you.
* * * LOW HITPOINT WARNING * * *
You are very lightly contaminated with residual magic.
You barely miss the giant gecko. The giant gecko bites you.
You die...

##### #...#
##.#h##################
####>.rrl@................
#.....####################
#.....# #....l# #....r#
#.....# #.....# #.....#
#....##


You could see a giant gecko, a jackal and 2 rats.

Vanquished Creatures
  2 giant geckos (D:1)
  3 giant cockroaches (D:1)
  3 goblins
  2 hobgoblins (D:1)
  A ball python (D:1)
  2 bats (D:2)
  A giant newt (D:1)
  5 jackals
  4 kobolds (D:1)
  8 rats
31 creatures vanquished.

Notes
Turn   | Place    | Note
--------------------------------------------------------------
     0 | D:1      | Chiseanne, the Demonspawn Warper, began the quest for the Orb.
     0 | D:1      | Reached XP level 1. HP: 15/15 MP: 1/1
   291 | D:1      | Reached skill level 3 in Translocations
   341 | D:1      | Gained mutation: A weak demonic guardian rushes to your aid. [demonic ancestry]
   341 | D:1      | Reached XP level 2. HP: 21/21 MP: 3/3
   968 | D:1      | Learned a level 2 spell: Blink
   971 | D:1      | Learned a level 2 spell: Portal Projectile
  1522 | D:2      | Gained mutation: You have sharp fingernails. [demonic ancestry]
  1522 | D:2      | Reached XP level 3. HP: 23/26 MP: 4/4
  1633 | D:2      | Slain by a giant gecko

Action                   || total
-------------------------++-------
Melee: Hand axe          ||   137
Throw: Dart              ||     5
  Use: Scroll            ||     1
       Potion            ||     1
